 Dungeon Crawl Stone Soup version 0.26.1-11-gd32895ea62 (webtiles) character file.

Game seed: 13943018664321770422

464 nothank2 the Slasher (level 7, -1/56 HPs)
             Began as a Formicid Fighter on July 15, 2021.
             Was an Initiate of the Shining One.
             Slain by an ogre
             ... wielding a +0 giant club
              (21 damage)
             ... on level 4 of the Dungeon.
             The game lasted 00:04:43 (2810 turns).

nothank2 the Slasher (Formicid Fighter)             Turns: 2810, Time: 00:04:43

Health: -1/56      AC:  8    Str: 23    XL:     7   Next: 29%
Magic:  7/7        EV:  8    Int:  7    God:    the Shining One [......]
Gold:   155        SH:  9    Dex: 10    Spells: 6/6 levels left

rFire    . . .     SeeInvis +   a - +0 long sword
rCold    . . .     Faith    .   c - +0 kite shield
rNeg     + . .     Spirit   .   b - +0 scale mail
rPois    .         Reflect  .   (helmet unavailable)
rElec    .         Harm     .   (no cloak)
rCorr    .         Rampage  .   j - +0 pair of gloves
Will     .....                  (no boots)
Stlth    ..........             (no amulet)
HPRegen  0.18/turn              n - ring of positive energy
MPRegen  0.10/turn              (no ring)

@: glowing
A: permanent stasis, dig shafts and tunnels, four strong arms, antennae 3
a: Dig, Shaft Self, Renounce Religion


You were on level 4 of the Dungeon.
You worshipped the Shining One.
The Shining One was noncommittal.
You visited 1 branch of the dungeon, and saw 4 of its levels.

You collected 155 gold pieces.

Inventory:

Hand Weapons
 a - a +0 long sword (weapon)
Armour
 b - a +0 scale mail (worn)
 c - a +0 kite shield (worn)
 j - a +0 pair of gloves (worn)
Jewellery
 n - a ring of positive energy (left hand)
Scrolls
 e - 3 scrolls of remove curse {unknown}
 g - a scroll of random uselessness {unknown}
 k - a scroll of noise {unknown}
 l - 3 scrolls of identify {unknown}
Potions
 d - 2 potions of might
 f - 2 potions of mutation {unknown}
 h - 2 potions of attraction {unknown}
 i - a potion of lignification {unknown}
 m - a potion of brilliance {unknown}
 o - a potion of curing {unknown}


   Skills:
 + Level 5.5 Fighting
 * Level 6.1 Long Blades
 - Level 3.2 Armour
 - Level 3.6 Shields


You had 6 spell levels left.
You didn't know any spells.
Your spell library was empty.

Dungeon Overview and Level Annotations

Branches:
Dungeon (4/15)             Temple (0/1) D:4

Altars:
Gozag
Okawaru
The Shining One


Innate Abilities, Weirdness & Mutations

You cannot be hasted, slowed, berserked, paralysed or teleported.
You can dig through walls and to a lower floor.
Your four strong arms can wield two-handed weapons with a shield.
You have a pair of large antennae on your head. (SInv)


Message History

You sense a monster nearby.
You now have 155 gold pieces (gained 20).
Found 18 stones.
Found a mace.
You open the door.
There is an open door here.
An ogre comes into view. It is wielding a +0 giant club.
You block the ogre's attack.
You hit the ogre.
The ogre is lightly wounded.
The ogre hits you with a +0 giant club!!
You slash the ogre!
The ogre is heavily wounded.
The ogre hits you with a +0 giant club!!
You are too injured to fight recklessly!
You are too injured to fight recklessly!
You hit the ogre but do no damage.
The ogre is heavily wounded.
The ogre hits you with a +0 giant club!!
You die...

..# #.# #. #.####.# .#.
#.#..... .... #.#.##.#
..... #.#.##.#
.....##+#########.#.##.#
....................##.#
......O......####.####..
.......@.....'..#.# ###
.............#.##.#
.............#.##.#
...........).#.##.#
###########.##.##.#
#.....#.# #######.#


You could see an ogre.

Vanquished Creatures
  Grinder (D:3)
  A phantom (D:4)
  A scorpion (D:3)
  A gnoll (D:1)
  6 adders
  2 dart slugs
  4 leopard geckos
  7 bats
  2 giant cockroaches (D:1)
  4 goblins
  10 hobgoblins
  4 jackals (D:2)
  7 kobolds
  A quokka (D:2)
  4 frilled lizards
  8 rats
63 creatures vanquished.

Vanquished Creatures (others)
  A leopard gecko (D:3)
  A rat (D:3)
2 creatures vanquished.

Grand Total: 65 creatures vanquished

Notes
Turn   | Place    | Note
-------+----------+-------------------------------------------
     0 | D:1      | nothank2 the Formicid Fighter began the quest for the Orb.
     0 | D:1      | Reached XP level 1. HP: 18/18 MP: 1/1
   100 | D:1      | Reached XP level 2. HP: 22/24 MP: 2/2
   410 | D:1      | Reached XP level 3. HP: 30/30 MP: 3/3
   420 | D:1      | Reached skill level 3 in Long Blades
  1114 | D:2      | Reached XP level 4. HP: 37/37 MP: 4/4
  1341 | D:2      | Found a glowing golden altar of the Shining One.
  1341 | D:2      | Found an iron altar of Okawaru.
  1345 | D:2      | Became a worshipper of the Shining One
  1540 | D:2      | Reached skill level 4 in Long Blades
  1647 | D:2      | Reached XP level 5. HP: 40/42 MP: 5/5
  1811 | D:2      | Found an opulent altar of Gozag.
  1959 | D:3      | Noticed Grinder
  1977 | D:3      | Killed Grinder
  1978 | D:3      | Reached skill level 5 in Fighting
  1978 | D:3      | Reached skill level 5 in Long Blades
  1978 | D:3      | Reached XP level 6. HP: 36/51 MP: 6/6
  2169 | D:3      | Reached XP level 7. HP: 23/56 MP: 7/7
  2598 | D:4      | Found a staircase to the Ecumenical Temple.
  2626 | D:4      | Reached skill level 6 in Long Blades
  2810 | D:4      | Slain by an ogre

Illustrated notes

Levels and vault maps discovered:
D:1:      dpeg_arrival_rooms_with_view, layout_loops_cross
D:2:      layout_basic, gammafunk_temple_overflow_wave, skrybe_limestone_x,
          nicolae_gozag_seed_capital
D:3:      layout_basic, elyvilon_altar_4, uniq_grinder
D:4:      layout_basic, minmay_temple_entry_butterflies, kennysheep_nub,
          tgw_trog

Skill      XL: |  1  2  3  4  5  6  7 |
---------------+----------------------+-----
Long Blades    | 3 4 5 6 |  6.1
Fighting       | 4 5 |  5.5
Armour         | |  3.2
Shields        | |  3.6

Action                   |  1- 3 |  4- 6 |  7- 9 || total
-------------------------+-------+-------+-------++-------
Melee: Long sword        |   104 |   125 |    25 ||   254
Armor: Scale mail        |    50 |    64 |     4 ||   118
Dodge: Dodged            |    31 |    37 |     2 ||    70
Block: Kite shield       |    70 |    79 |    11 ||   160
       Rpst.: Long sword |     9 |    10 |     2 ||    21
